 Dungeon Crawl Stone Soup version 0.19.1-1-g22dce08 (webtiles) character file.

565 Alarkh the Cleaver (level 7, 45/57 HPs)
             Began as a Green Draconian Monk on Jan 18, 2017.
             Was a Believer of Okawaru.
             Quit the game in a sewer.
             The game lasted 00:05:27 (5101 turns).

Alarkh the Cleaver (Green Draconian Monk)           Turns: 5101, Time: 00:05:28

Health: 45/57      AC:  6    Str: 14    XL:     7   Next: 10%
Magic:  7/7        EV: 13    Int: 12    God:    Okawaru [**....]
Gold:   138        SH:  0    Dex: 13    Spells: 0 memorised, 6 levels left

rFire  + . .     SeeInvis .     a - +0 war axe (flame)
rCold  . . .     Gourm    .     (armour unavailable)
rNeg   + . .     Faith    .     (no shield)
rPois  +         Spirit   .     (helmet restricted)
rElec  .         Reflect  .     (no cloak)
rCorr  .         Harm     .     (no gloves)
MR     .....                    (no boots)
Stlth  ++........               (no amulet)
                                (no ring)
                                x - ring "Hosedeid" {rPois rF+ rN+}

@: no status effects
A: breathe noxious fumes, unfitting armour, poison resistance, cold-blooded, AC
+6
a: Breathe Noxious Fumes, Heroism, Renounce Religion


You were in a sewer.
You worshipped Okawaru.
Okawaru was pleased with you.
You were not hungry.

You visited 2 branches of the dungeon, and saw 6 of its levels.
You also visited: Sewer.

You collected 180 gold pieces.
You spent 42 gold pieces at shops.

Inventory:

Hand Weapons
 a - a +0 war axe of flaming (weapon)
 j - a +0 hand axe
Jewellery
 x - the ring "Hosedeid" (left hand) {rPois rF+ rN+}
   (You found it on level 4 of the Dungeon)

   [ring of protection from fire]

   It protects you from fire.
   It protects you from poison.
   It protects you from negative energy.
Wands
 r - a wand of acid (8/15)
Scrolls
 e - a scroll of identify
 h - 2 scrolls of remove curse
 i - 3 scrolls of teleportation
 k - a scroll of enchant armour {unknown}
 m - a scroll of blinking {unknown}
 n - a scroll of amnesia
 o - 2 scrolls of noise {unknown}
Potions
 c - 5 potions of might
 d - a potion of haste
 g - 4 potions of curing
 l - a potion of agility
 p - a potion of cancellation {unknown}
 q - a potion of lignification
 s - a potion of brilliance {unknown}
 v - a potion of flight {unknown}
 w - a potion of degeneration {unknown}
Comestibles
 b - 2 bread rations
 f - 2 chunks of flesh
 t - a beef jerky
 u - a royal jelly


   Skills:
 - Level 3.2 Fighting
 + Level 8.2 Axes
 - Level 2.6 Dodging
 - Level 1.7 Stealth


You had 6 spell levels left.
You didn't know any spells.

Dungeon Overview and Level Annotations

Branches:
Dungeon (5/15)             Temple (1/1) D:4

Altars:
Ashenzari
Dithmenos
Fedhas
Gozag
Hepliaklqana
Kikubaaqudgha
Makhleb
Okawaru
Qazlal
Ru
Trog
Uskayaw
Vehumet
Xom
Yredelemnul
Zin

Shops:
D:4 *


Innate Abilities, Weirdness & Mutations

You can breathe blasts of noxious fumes.
Your lurid green scales are hard. (AC +6)
You cannot fit into any form of body armour.
Your system is resistant to poisons. (rPois)
You are cold-blooded and may be slowed by cold attacks.


Message History

The big kobold is severely wounded.
The big kobold closely misses you.
You closely miss the big kobold.
The big kobold is heavily wounded.
The big kobold misses you.
You slash the big kobold! You burn the big kobold.
You tail-slap the big kobold.
The big kobold is almost dead.
The big kobold closely misses you. x2
You slash the big kobold! You burn the big kobold.
You kill the big kobold!
Okawaru accepts your kill.
Your Axes skill increases to level 8!
You have reached level 7!
Your scales start taking on a lurid green colour.
You learn Poison Magic much quicker.
You can breathe blasts of noxious fumes.
You feel resistant to poisons.
Okay, then.
Are you sure you want to abandon this character and quit the game? (Confirm with "yes".)

#.≈≈≈.≈≈## #≈.≈≈≈)≈≈# #####
≈..≈≈≈≈≈.####....≈≈≈###≈≈≈≈
≈.≈≈≈..≈≈..########≈≈≈≈.###
..#####≈.≈≈.# #####≈≈≈≈ ≈
##.≈..# ##### ##≈≈.# #≈≈≈#
#.≈≈# ##)@≈## #≈≈≈≈≈#
#≈###.# #≈# #≈# #≈###≈##
#≈≈≈#≈.≈# #≈#≈#)#≈# #≈
≈#≈#≈# #≈ ≈#≈#≈#


There were no monsters in sight!

Vanquished Creatures
  3 big kobolds (Sewer)
  A centaur skeleton (D:4)
  Natasha (thrice) (D:3)
  A worker ant (D:5)
  Terence (D:3)
  9 adders
  5 oozes
  A dart slug (D:2)
  2 leopard geckos
  9 orcs
  11 bats
  8 giant cockroaches
  6 goblins
  9 hobgoblins
  7 jackals
  11 kobolds
  A quokka (D:3)
  2 ball pythons
  2 frilled lizards (D:1)
  14 rats
106 creatures vanquished.

Vanquished Creatures (others)
  4 jackals (D:2)
  A kobold (D:2)
5 creatures vanquished.

Grand Total: 111 creatures vanquished

Notes
Turn   | Place    | Note
-------+----------+-------------------------------------------
     0 | D:1      | Alarkh the Draconian Monk began the quest for the Orb.
     0 | D:1      | Reached XP level 1. HP: 19/19 MP: 1/1
    82 | D:1      | Reached XP level 2. HP: 13/26 MP: 2/2
   375 | D:1      | Reached skill level 4 in Axes
   622 | D:1      | Reached XP level 3. HP: 27/31 MP: 3/3
   865 | D:2      | Found a radiant altar of Vehumet.
  1257 | D:2      | Found a faded altar of an unknown god.
  1609 | D:3      | Reached XP level 4. HP: 33/38 MP: 4/4
  1630 | D:3      | Reached skill level 5 in Axes
  2086 | D:3      | Noticed Natasha
  2096 | D:3      | Killed Natasha
  2250 | D:3      | Noticed Terence
  2294 | D:3      | Killed Terence
  2294 | D:3      | Reached XP level 5. HP: 36/45 MP: 5/5
  2843 | D:3      | Noticed Natasha
  2860 | D:3      | Killed Natasha
  2860 | D:3      | Reached skill level 6 in Axes
  3138 | D:3      | Noticed Natasha
  3164 | D:3      | Killed Natasha
  3402 | D:4      | Found Xubeff's General Store.
  3416 | D:4      | Bought a potion of lignification for 42 gold pieces
  3635 | D:4      | Found a staircase to the Ecumenical Temple.
  3706 | D:4      | Found an opulent altar of Gozag.
  3755 | Temple   | Entered the Ecumenical Temple
  3952 | Temple   | Became a worshipper of Warmaster Okawaru
  3952 | Temple   | Reached * piety under Okawaru
  3952 | Temple   | Reached ** piety under Okawaru
  4296 | D:4      | Reached XP level 6. HP: 46/51 MP: 6/6
  4317 | D:4      | Got a transparent golden ring
  4322 | D:4      | Identified the ring "Hosedeid" {rPois rF+ rN+} (You found it on level 4 of the Dungeon)
  4728 | D:5      | Entered Level 5 of the Dungeon
  4730 | D:5      | Found a glowing drain.
  4739 | D:5      | Reached skill level 7 in Axes
  4826 | Sewer    | Entered a sewer
  5100 | Sewer    | Reached skill level 8 in Axes
  5100 | Sewer    | Your scales start taking on a lurid green colour.
  5100 | Sewer    | Reached XP level 7. HP: 45/57 MP: 7/7
  5100 | Sewer    | Gained mutation: Your system is resistant to poisons. (rPois) [Green Draconian growth]
  5101 | Sewer    | Quit the game

Skill      XL: |  1  2  3  4  5  6 |
---------------+-------------------+-----
Axes           | 4 5 6 8 |  8.2
Fighting       | |  3.2
Dodging        | |  2.6
Stealth        | |  1.7

Action                   |  1- 3 |  4- 6 |  7- 9 || total
-------------------------+-------+-------+-------++-------
Melee: Hand axe          |   130 |   137 |       ||   267
       Tailslap          |    15 |    24 |       ||    39
       War axe           |       |    98 |       ||    98
  Use: Scroll            |       |     8 |       ||     8
       Potion            |       |     2 |       ||     2
 Stab: Sleeping          |     4 |     6 |       ||    10
  Eat: Chunk             |     2 |    12 |       ||    14
Armor: Skin              |    49 |    62 |       ||   111
Dodge: Dodged            |    95 |   155 |       ||   250
